[Event "*** SCC Grand Prix: Titled Tuesday Blitz"]
[Site "Chess.com"]
[Date "2020.07.21"]
[Round "9"]
[White "killer311"]
[Black "DenisQ"]
[Result "1/2-1/2"]
[WhiteElo "2417"]
[BlackElo "2628"]
[TimeControl "180+1"]
[EndTime "11:48:58 PDT"]
[Termination "Game drawn - insufficient material"]

1. d4 Nf6 2. c4 g6 3. g3 Bg7 4. Bg2 c6 5. Nf3 d5 6. O-O O-O 7. b3 Ne4 8. Bb2 Bf5 9. Nc3 Nd7 10. cxd5 Nxc3 11. Bxc3 cxd5 12. Nh4 Be6 13. f4 Rc8 14. Bb2 Nf6 15. f5 gxf5 16. Nxf5 Bxf5 17. Rxf5 e6 18. Rf1 Ne4 19. Bxe4 dxe4 20. e3 Qd5 21. Qe2 Rc7 22. Rac1 Rfc8 23. Rxc7 Rxc7 24. Rc1 Rxc1+ 25. Bxc1 f5 26.
Ba3 Qc6 27. Qc4 Qxc4 28. bxc4 Kf7 29. h3 h5 30. Kf2 Bh6 31. Bd6 Bg5 32. Bf4 Bf6 33.
Ke2 Ke7 34. Kd2 Kd7 35. Kc3 Kc6 36. Kb4 a6 37. a4 Be7+ 38. Kb3 Bd8 39. Kb4 Be7+ 40.
Kb3 Bf8 41. Bg5 Bd6 42. Bf4 Be7 43. Be5 Bg5 44. Bf4 Bd8 45. Be5 Ba5 46. Bf4 Be1 47.
Be5 b5 48. axb5+ axb5 49. Bf4 Bf2 50. Kb4 Be1+ 51. Kb3 Bd2 52. Bg5 Ba5 53. Bf4 Be1 54.
Be5 h4 55. gxh4 Bxh4 56. Bf4 Bf2 57. Bg5 Bg3 58. h4 bxc4+ 59. Kxc4 Kd7 60. h5 Ke8 61. d5 exd5+ 62. Kxd5 Kf7 63. Bd8 Bb8 64. Bb6 Kf6 65.
Bd4+ Kg5 66. Ke6 f4 67. exf4+ Bxf4 68. Kd5 e3 69. Bxe3 Bxe3 70. h6 Kxh6 1/2-1/2

[Event "*** SCC Grand Prix: Titled Tuesday Blitz"]
[Site "Chess.com"]
[Date "2020.07.21"]
[Round "9"]
[White "HanSchut"]
[Black "Yoshikrov"]
[Result "1-0"]
[WhiteElo "2315"]
[BlackElo "2138"]
[TimeControl "180+1"]
[EndTime "11:48:58 PDT"]
[Termination "HanSchut won by resignation"]

1. e4 c5 2. Nf3 d6 3. d4 cxd4 4. Nxd4 Nf6 5. f3 a6 6. c4 e5 7. Nc2 Be7 8. Nc3 Be6 9. Be3 Nbd7 10. Qd2 Nb6 11. b3 Nbd7 12. Be2 Rc8 13. Rc1 Qa5 14. O-O O-O 15. Nd5 Qd8 16. Nxe7+ Qxe7 17. Rfd1 Rfd8 18. Qxd6 Qe8 19. Qb4 Rc7 20. Bb6 Nxb6 21.
Qxb6 Rdc8 22. Nb4 Nh5 23. g3 Nf6 24. Rd2 h5 25. Rcd1 h4 26. Qxc7 Rxc7 27. Rd8 Rc8 28. Rxe8+ Rxe8 29. Kf2 hxg3+ 30. hxg3 Kf8 31. Ke3 Ke7 32. f4 exf4+ 33. gxf4 Ng4+ 34. Bxg4 Bxg4 35. Nd5+ Kf8 36. Rh1 Kg8 37. e5 Be6 38. Rg1 Bxd5 39. cxd5 Kf8 40. Rc1 Rb8 41. Rc7 Ke8 42. Ke4 g6 43. f5 gxf5+ 44. Kxf5 b5 45. Kf6 Rb6+ 46. d6 a5 47. Re7+ Kd8 48. Rxf7 a4 49. Ke6 Kc8 50. Rf8+ Kb7 51. b4 1-0

[Event "*** SCC Grand Prix: Titled Tuesday Blitz"]
[Site "Chess.com"]
[Date "2020.07.21"]
[Round "9"]
[White "Phriex"]
[Black "SilviusTiberius"]
[Result "1-0"]
[WhiteElo "2397"]
[BlackElo "2485"]
[TimeControl "180+1"]
[EndTime "11:49:00 PDT"]
[Termination "Phriex won on time"]

1. d4 Nf6 2. c4 g6 3. g3 Bg7 4. Bg2 O-O 5. Nc3 d6 6. Nf3 Nc6 7. O-O Rb8 8. Bf4 a6 9. Rc1 h6 10. Qd3 g5 11. Bd2 e5 12. dxe5 dxe5 13. Qxd8 Rxd8 14.
Rfd1 Be6 15. b3 e4 16. Ne1 Bf5 17. Nc2 Bg6 18. Ne3 Nd4 19. Re1 c6 20. Rcd1 b5 21.
Bc1 Bf8 22. Bb2 Bb4 23. a3 Ba5 24. b4 Bb6 25. c5 Bc7 26. Nxe4 Nxe2+ 27. Rxe2 Nxe4 28.
h4 gxh4 29. gxh4 h5 30. Bxe4 Bxe4 31. Bf6 Rxd1+ 32. Nxd1 Bf3 33. Re7 Bd8 34. Re8+ Kh7 35. Ne3 Bxf6 36. Rxb8 Bxh4 37. Rb7 Kg6 38. Rb6 Bg5 39.
Rxa6 h4 40. a4 bxa4 41. b5 h3 42. Kh2 1-0

[Event "*** SCC Grand Prix: Titled Tuesday Blitz"]
[Site "Chess.com"]
[Date "2020.07.21"]
[Round "9"]
[White "r31415"]
[Black "Dauletova"]
[Result "0-1"]
[WhiteElo "2439"]
[BlackElo "2347"]
[TimeControl "180+1"]
[EndTime "11:49:00 PDT"]
[Termination "Dauletova won by checkmate"]

1. c4 e5 2. Nc3 Nf6 3. Nf3 Nc6 4. e3 Bb4 5. Qc2 Bxc3 6. Qxc3 Qe7 7. d4 Ne4 8. Qc2 exd4 9. Bd3 Nb4 10. Qb1 Nxd3+ 11.
Qxd3 dxe3 12. Bxe3 O-O 13. O-O d6 14. Rfe1 Bf5 15.
Nd4 Bg6 16. Bf4 Rfe8 17. Qb3 Qh4 18. g3 Qf6 19. Nb5 Re7 20. Re3 Rae8 21. Rae1 a6 22. Na3 Nc5 23. Qc3 Rxe3 24. Rxe3 Rxe3 25. Qxe3 Qe6 26.
Qd2 Be4 27. Qe2 h6 28. Nc2 Qh3 29. f3 Bc6 30. Nd4 Bd7 31. g4 Ne6 32. Bg3 Nxd4 33. Qe3 Ne6 34. Kf2 Bc6 35. b4 h5 36. b5 axb5 37. cxb5 Bxb5 38. gxh5 Qxh5 39. Qa7 Qf5 40. Qxb7 Kh7 41. Kg2 Qc2+ 42. Kh3 Bf1+ 43. Kh4 Qf5 44. f4 Qh3# 0-1

[Event "*** SCC Grand Prix: Titled Tuesday Blitz"]
[Site "Chess.com"]
[Date "2020.07.21"]
[Round "9"]
[White "FMalexhdez"]
[Black "Sacbutt"]
[Result "0-1"]
[WhiteElo "2134"]
[BlackElo "2254"]
[TimeControl "180+1"]
[EndTime "11:49:00 PDT"]
[Termination "Sacbutt won by resignation"]

1. e4 c5 2. Nf3 d6 3. d4 cxd4 4. Nxd4 Nf6 5. Nc3 a6 6. h3 e5 7.
Nde2 Be7 8. g4 O-O 9. Bg2 Nc6 10. O-O b5 11. Ng3 g6 12. g5 Nd7 13. h4 Nb6 14. Nd5 Nxd5 15. exd5 Nd4 16. f4 Nf5 17. Nxf5 Bxf5 18.
fxe5 dxe5 19. Be3 Bd6 20. c3 Qd7 21. Qe2 Rad8 22. Rad1 Bg4 23. Bf3 Bxf3 24. Qxf3 Rc8 25. h5 Rc4 26. h6 Qg4+ 27. Kf2 Qxf3+ 28. Kxf3 f5 29. gxf6 Rxf6+ 30. Ke2 Rxf1 31. Rxf1 Rh4 32. Rf6 Bf8 33. d6 Rh2+ 34. Bf2 Rxh6 35. d7 Be7 36.
Re6 Kf7 37. Rxe5 Rh2 38. Kf3 Rh3+ 39. Kg2 Rh5 40. Re4 Rd5 41. Rf4+ Ke6 42. Re4+ Kxd7 43. Bd4 Rf5 44. Kg3 Rf7 45. b3 Bd6+ 46. Kg4 Re7 47. Kg5 Rxe4 0-1

[Event "*** SCC Grand Prix: Titled Tuesday Blitz"]
[Site "Chess.com"]
[Date "2020.07.21"]
[Round "9"]
[White "kobemagic"]
[Black "Vladislav_Chizhikov"]
[Result "0-1"]
[WhiteElo "2328"]
[BlackElo "2450"]
[TimeControl "180+1"]
[EndTime "11:49:01 PDT"]
[Termination "Vladislav_Chizhikov won on time"]

1. d4 d5 2. Nf3 c6 3. Bf4 Bf5 4.
c3 e6 5. Qb3 Qb6 6. Nbd2 Nd7 7.
Nh4 Bg6 8. Nxg6 hxg6 9. h3 c5 10. e3 c4 11. Qc2 Ngf6 12. g4 Qa5 13. Bg2 b5 14. e4 Nb6 15. O-O Be7 16. a3 Qa4 17. Qc1 dxe4 18. Nxe4 Nxe4 19. Bxe4 Rc8 20. Bg2 O-O 21. Bg3 Nd5 22. Qd2 Rcd8 23. Rae1 a5 24.
f4 Bd6 25. Bxd5 exd5 26. Qg2 b4 27. axb4 axb4 28. Qxd5 bxc3 29. bxc3 Bxf4 30. Qf3 Bxg3 31. Qxg3 Rb8 32. Re7 Rb3 33. Qf3 Kh7 34. Qg3 Qa3 35.
Rfxf7 Rxf7 36. Rxf7 Rxc3 37. Qh4+ Kg8 38. Rf2 Rc1+ 39.
Kg2 Qa8+ 40. Rf3 c3 41. Qf2 c2 42. Kg3 Qb8+ 43. Kg2 Qb7 44. Kg3 Qc7+ 45. Kg2 Rg1+ 46. Qxg1 c1=Q 47. Qxc1 Qxc1 0-1

[Event "*** SCC Grand Prix: Titled Tuesday Blitz"]
[Site "Chess.com"]
[Date "2020.07.21"]
[Round "9"]
[White "Schack-Hugo"]
[Black "Sjakkerntobi"]
[Result "1-0"]
[WhiteElo "2220"]
[BlackElo "2419"]
[TimeControl "180+1"]
[EndTime "11:49:02 PDT"]
[Termination "Schack-Hugo won by resignation"]

1. c3 d5 2. d4 Nf6 3. Nf3 e6 4. g3 c5 5. Bg2 Nc6 6. O-O Be7 7. e3 O-O 8. Nbd2 b6 9. b3 Bb7 10. Bb2 Rc8 11. Rc1 cxd4 12. exd4 Bd6 13. Re1 Ne7 14. Ne5 Nf5 15. h3 Be7 16. Qe2 Nd6 17. Kh2 Nfe4 18. Nxe4 Nxe4 19. Bxe4 dxe4 20. c4 f6 21. Ng4 f5 22. Ne5 f4 23. Qg4 e3 24.
Qxe6+ Kh8 25. Nf7+ Rxf7 26. Qxf7 exf2 27. Rxe7 fxg3+ 28. Kxg3 Qd6+ 29. Kxf2 Qh2+ 30. Ke1 Qg3+ 31. Qf2 Qxh3 32.
Kd2 Qh6+ 33. Qe3 Qh2+ 34. Qe2 Qh6+ 35. Kc3 Bc6 36. Re1 Qg6 37. d5 Bb5 38. Kb4 Qd6+ 39. Kc3 Qg6 40. Kd2 Qg5+ 41. Kd1 Rf8 42. Bxg7+ Kg8 43.
Bd4 Rf7 44. Rg1 Qxg1+ 45. Bxg1 Rxe7 46. Qxe7 1-0

[Event "*** SCC Grand Prix: Titled Tuesday Blitz"]
[Site "Chess.com"]
[Date "2020.07.21"]
[Round "9"]
[White "The_Machine04"]
[Black "sasko1234"]
[Result "1-0"]
[WhiteElo "2294"]
[BlackElo "2382"]
[TimeControl "180+1"]
[EndTime "11:49:02 PDT"]
[Termination "The_Machine04 won on time"]

1. d4 Nf6 2. Bg5 d6 3. Nd2 c6 4. Bxf6 gxf6 5. e3 e5 6. dxe5 fxe5 7. c4 Be6 8. Ngf3 Be7 9. Qc2 Nd7 10. Bd3 Nc5 11. Bf5 Qd7 12. Bxe6 Qxe6 13. b4 Nd7 14. O-O f5 15. Rfd1 Rg8 16. Nf1 h5 17. Ng3 Rf8 18.
Nxh5 O-O-O 19. b5 c5 20. Ng3 Rf7 21. Nd2 Rh8 22. Ndf1 Qh6 23. Nxf5 Qg5 24. Nxe7+ Rxe7 25. Rxd6 Reh7 26. Qg6 Qh4 27. Qg3 Qh5 28. Rad1 Qe8 29.
e4 Rg8 30. Qd3 Nb6 31. Qe3 Kb8 32. f3 Nc8 33. R6d5 Qg6 34. R1d2 b6 35. a4 Rhg7 36. Ng3 Qf6 37. a5 Qh4 38. axb6 axb6 39. Rd7 Rxg3 40.
hxg3 Qxg3 41. Qf2 Qf4 42. Re7 1-0

[Event "*** SCC Grand Prix: Titled Tuesday Blitz"]
[Site "Chess.com"]
[Date "2020.07.21"]
[Round "9"]
[White "ChessAurochs"]
[Black "BogdanDeac"]
[Result "1-0"]
[WhiteElo "2612"]
[BlackElo "2789"]
[TimeControl "180+1"]
[EndTime "11:49:03 PDT"]
[Termination "ChessAurochs won by resignation"]

1. e4 c5 2. Nf3 a6 3. Nc3 d6 4. d4 cxd4 5. Nxd4 Nf6 6. f3 e6 7. Be3 b5 8. Qd2 Nbd7 9. g4 h6 10. a3 Bb7 11. h4 Ne5 12. Rg1 Rc8 13. g5 hxg5 14. hxg5 Nfd7 15. O-O-O g6 16. f4 Nc4 17. Bxc4 Rxc4 18. f5 e5 19. Nde2 Rh2 20. Qd3 Qc8 21. fxg6 fxg6 22. Kb1 Nc5 23. Bxc5 Rxc5 24. Rh1 Rxh1 25.
Rxh1 Qg4 26. Rh8 Qe6 27. Qf3 Qf7 28. Qh1 a5 29. a4 bxa4 30. Nxa4 Rc4 31. Nec3 Bc6 32. Nb6 Rxc3 33. bxc3 Qb7 34. Qh6 Qxb6+ 35. Ka2 Qf2 36. Qxg6+ Kd7 37. Rh7+ Kd8 38. Kb3 Qb6+ 39. Ka2 Qf2 40. Kb3 a4+ 41. Kb4 d5+ 42. Ka5 Qa7+ 43.
Rxa7 1-0

[Event "*** SCC Grand Prix: Titled Tuesday Blitz"]
[Site "Chess.com"]
[Date "2020.07.21"]
[Round "9"]
[White "GMKrikor"]
[Black "RubensCezila"]
[Result "1-0"]
[WhiteElo "2727"]
[BlackElo "2582"]
[TimeControl "180+1"]
[EndTime "11:49:06 PDT"]
[Termination "GMKrikor won on time"]

1. e4 c6 2. d4 d5 3. Nc3 dxe4 4. Nxe4 Nf6 5. Nxf6+ exf6 6. c3 Bd6 7. Bd3 O-O 8. Qc2 Re8+ 9. Ne2 h5 10. O-O h4 11. h3 Nd7 12. Be3 Nf8 13. Rad1 Ne6 14.
c4 Ng5 15. Bf5 Bxf5 16. Qxf5 Ne4 17. Qg4 Ng3 18. fxg3 Rxe3 19. gxh4 Qe7 20. Nf4 Re4 21. Kh1 Re8 22. h5 Bxf4 23. Rxf4 Rxf4 24. Qxf4 Qe2 25.
Rc1 Qxh5 26. Qc7 Qg5 27. Rg1 Qd2 28. Qxb7 Qxd4 29. Qxc6 Re2 30. b4 Rb2 31. b5 Rxa2 32.
Qe8+ Kh7 33. Qxf7 Ra1 34. Qh5+ Kg8 35. Rxa1 Qxa1+ 36. Kh2 Qd4 37. Qe8+ Kh7 38. Qe6 Qf4+ 39. Kg1 Qc1+ 40. Kf2 Qd2+ 41. Kf3 Qd3+ 42. Kf2 Qd4+ 43.
Ke2 Qb2+ 44. Kd3 Qxg2 45. Qe4+ Qxe4+ 46. Kxe4 1-0

[Event "*** SCC Grand Prix: Titled Tuesday Blitz"]
[Site "Chess.com"]
[Date "2020.07.21"]
[Round "9"]
[White "chesstrainer2042"]
[Black "profofchess"]
[Result "1-0"]
[WhiteElo "2475"]
[BlackElo "2356"]
[TimeControl "180+1"]
[EndTime "11:49:06 PDT"]
[Termination "chesstrainer2042 won on time"]

1. e4 e6 2. d4 d5 3. Nd2 Nf6 4. e5 Nfd7 5. Bd3 c5 6. c3 Nc6 7.
Ne2 cxd4 8. cxd4 f6 9. exf6 Nxf6 10. O-O Bd6 11. Nf3 Qc7 12. h3 O-O 13. Be3 Bd7 14. Rc1 Rae8 15. a3 Re7 16. b4 a6 17.
Nc3 Qd8 18. Na4 Be8 19. Nc5 e5 20. dxe5 Nxe5 21. Be2 Ng6 22. Nd4 Bb8 23. Nf5 Re5 24.
Ng3 Rxe3 25. fxe3 Bxg3 26. Ne6 Qe7 27. Nxf8 Qxe3+ 28. Kh1 Nxf8 29. Rf3 Qg5 30. Bd3 Bd6 31.
Qf1 Qe5 32. g3 Bd7 33. Re1 Qh5 34. h4 Bg4 35. Rxf6 gxf6 36. Qxf6 Bxg3 37. Re7 Qxh4+ 38. Qxh4 Bxh4 39. Rxb7 d4 40. Kg1 Ne6 41. Bxa6 Nf4 42. Bc4+ Kf8 43. Rf7+ Ke8 44. Rxf4 1-0

[Event "*** SCC Grand Prix: Titled Tuesday Blitz"]
[Site "Chess.com"]
[Date "2020.07.21"]
[Round "9"]
[White "AlexTriapishko"]
[Black "djano"]
[Result "1-0"]
[WhiteElo "2633"]
[BlackElo "2453"]
[TimeControl "180+1"]
[EndTime "11:49:07 PDT"]
[Termination "AlexTriapishko won on time"]

1. e4 e5 2. Nf3 Nc6 3. Nc3 Nf6 4. d4 exd4 5. Nxd4 Bc5 6. Nxc6 bxc6 7. Bd3 d6 8. O-O Ng4 9. h3 Ne5 10. Na4 Bb6 11.
Nxb6 axb6 12. b3 Qf6 13. Bb2 Nf3+ 14. Qxf3 Qxb2 15. e5 d5 16. a4 Be6 17. Qf4 Qc3 18. Rae1 Qc5 19. Re3 Qe7 20. Rg3 g6 21. Qh6 Qf8 22.
Qd2 Qe7 23. f4 f5 24. exf6 Qxf6 25. f5 gxf5 26. Re1 O-O-O 27. Qg5 Qxg5 28. Rxg5 Bd7 29. Bxf5 Bxf5 30. Rxf5 Rhe8 31. Ref1 Re2 32. R1f2 Rde8 33. Rh5 R8e7 34. g4 Re1+ 35. Kg2 R1e3 36. Rf3 Re2+ 37. Rf2 R2e3 38. Rhf5 d4 39. Rf7 c5 40. Rxe7 Rxe7 41. g5 Kd7 42. h4 Ke8 43. Kg3 Re3+ 44.
Kg4 d3 45. cxd3 Rxd3 46. Kh5 Rxb3 47. Kh6 Rb4 48. Rh2 c4 49. Kxh7 c3 50. Re2+ Kf8 51.
h5 Rb2 52. Re3 c2 53. Rc3 c5 54. g6 1-0

[Event "*** SCC Grand Prix: Titled Tuesday Blitz"]
[Site "Chess.com"]
[Date "2020.07.21"]
[Round "9"]
[White "Alexander_Moskalenko"]
[Black "wonderfultime"]
[Result "1-0"]
[WhiteElo "2812"]
[BlackElo "2951"]
[TimeControl "180+1"]
[EndTime "11:49:09 PDT"]
[Termination "Alexander_Moskalenko won by resignation"]

1. d4 d5 2. c4 c6 3. Nf3 Nf6 4. Nc3 a6 5. e3 Bf5 6. Qb3 Ra7 7. Bd2 e6 8. Nh4 Be4 9. cxd5 cxd5 10. f3 Bg6 11.
Nxg6 hxg6 12. Bd3 Bd6 13. h3 Nc6 14. O-O-O b5 15. Kb1 Na5 16. Qc2 Rc7 17. e4 Be7 18. Bf4 Rc8 19. g4 Nc4 20. h4 Bb4 21. Qb3 Bxc3 22.
Qxc3 dxe4 23. Bxe4 Nd5 24. Bxd5 Qxd5 25. Qd3 O-O 26.
Bc1 Rfd8 27. h5 g5 28. h6 g6 29. b3 Nd6 30. h7+ Kh8 31. Qe3 f6 32. Rde1 Re8 33. Ba3 Nf7 34. Qe4 Qxe4+ 35. fxe4 Kg7 36. Bb2 Rcd8 37. Rd1 Rh8 38. d5 e5 39. Rc1 Rd7 40. Rc6 Rxh7 41. Rxh7+ Kxh7 42. Rxf6 Nd6 43. Bxe5 Nf7 44. Re6 Nxe5 45. Rxe5 Kg7 46. Re6 Rf7 47. e5 Rf4 48. d6 Kf7 49. Re7+ Kf8 50. e6 Rd4 51. Rd7 b4 52. Rd8+ Kg7 53. e7 1-0

[Event "*** SCC Grand Prix: Titled Tuesday Blitz"]
[Site "Chess.com"]
[Date "2020.07.21"]
[Round "9"]
[White "GregShahade"]
[Black "IANOV0007"]
[Result "0-1"]
[WhiteElo "2667"]
[BlackElo "2434"]
[TimeControl "180+1"]
[EndTime "11:49:09 PDT"]
[Termination "IANOV0007 won by checkmate"]

1. e4 d6 2. d4 Nf6 3. Nc3 c6 4.
f4 Qb6 5. Nf3 Bg4 6. Be2 Bxf3 7.
Bxf3 e5 8. Ne2 Nbd7 9. c3 Be7 10. Qb3 O-O 11. O-O Rfe8 12. Be3 Bf8 13. Ng3 exf4 14.
Bxf4 Rad8 15. Qc2 c5 16. Rad1 cxd4 17. cxd4 Rc8 18. Qf2 Qa5 19. a3 g6 20. Kh1 Qb6 21. Be3 Qb3 22. e5 dxe5 23. dxe5 Rxe5 24. Bd4 Rc2 25. Be2 Re6 26. Qf4 Rcxe2 27. Nxe2 Rxe2 28. Bxf6 Nxf6 29. Qxf6 Qe6 30. Qxe6 Rxe6 31. Rd7 f5 32. Rxb7 Bc5 33. Rc1 Re8 34. h3 Bb6 35. Rd1 h5 36. Kh2 h4 37. Rdd7 Bf2 38. Rg7+ Kh8 39. Rh7+ Kg8 40. Rbg7+ Kf8 41. Rh8+ Kxg7 42. Rxe8 Bg3+ 43. Kg1 Kf6 44. Ra8 Be5 45. Rxa7 Bd4+ 46. Kh2 Bxa7 47. b4 Ke5 48. a4 Kd4 49. b5 Kc5 50. g3 Bb8 51. Kg2 Bxg3 52. Kf3 f4 53. Kg4 Kb6 54.
Kf3 g5 55. Kg4 Ka5 56. Kf3 Be1 57. Kg4 Kb6 58. Kxg5 f3 59. Kg4 f2 60. Kf3 f1=Q+ 61. Kg4 Qg2+ 62. Kh5 Qxh3 63. Kh6 Qg3 64. Kh7 h3 65. Kh8 h2 66. a5+ Kxa5 67. b6 h1=Q# 0-1

[Event "*** SCC Grand Prix: Titled Tuesday Blitz"]
[Site "Chess.com"]
[Date "2020.07.21"]
[Round "9"]
[White "GustavoJuarezF"]
[Black "DonPreuss"]
[Result "0-1"]
[WhiteElo "2020"]
[BlackElo "2170"]
[TimeControl "180+1"]
[EndTime "11:49:09 PDT"]
[Termination "DonPreuss won on time"]

1. e4 e5 2. Nf3 d5 3. d4 dxe4 4. Nxe5 Bd6 5. Nc3 Bxe5 6. dxe5 Qxd1+ 7. Nxd1 Nc6 8. Bf4 Nge7 9. Bb5 Bd7 10. Bxc6 Bxc6 11.
Ne3 O-O-O 12. O-O Ng6 13. Bg3 Rd2 14. Rad1 Rhd8 15. Rxd2 Rxd2 16. Rd1 Rxd1+ 17. Nxd1 Kd7 18. h4 Ke6 19. Kf1 Nxe5 20. Ke2 h5 21. b3 f5 22. Ke3 Bd7 23. Kf4 Nf7 24. Ne3 g6 25. c4 c6 26. Nc2 Kf6 27. Ke3 Ne5 28. Bf4 Nf7 29. Kd4 b6 30. b4 Ke6 31. c5 b5 32.
Na1 Nd8 33. Nb3 Kf7 34. a4 Ne6+ 35. Ke3 Nxf4 36. Kxf4 bxa4 37. Na1 a3 38. Nc2 a2 39. Ke5 Be6 40. g3 Ke7 41. Na1 a6 42. Nc2 Bb3 43. Na1 Ba4 44. Kf4 Kf6 45. Ke3 Ke5 46. Kd2 f4 47.
Kc3 fxg3 48. fxg3 Kf5 49. Kd4 Kg4 50. Kxe4 Kxg3 51. Ke5 Kxh4 52. Kd6 g5 53. Kc7 g4 54. Kb6 g3 55. Kxa6 g2 56. Ka5 Bb5 0-1

[Event "*** SCC Grand Prix: Titled Tuesday Blitz"]
[Site "Chess.com"]
[Date "2020.07.21"]
[Round "9"]
[White "InitiatingASC"]
[Black "Jbd735"]
[Result "1/2-1/2"]
[WhiteElo "2366"]
[BlackElo "2467"]
[TimeControl "180+1"]
[EndTime "11:49:10 PDT"]
[Termination "Game drawn by repetition"]

1. c4 c6 2. g3 d5 3. cxd5 cxd5 4. Bg2 Nf6 5. d3 Nc6 6. Nf3 Bf5 7. O-O e6 8. Nbd2 Be7 9. b3 O-O 10. Bb2 Rc8 11. Rc1 Qa5 12. Rc2 Nb4 13. Rxc8 Rxc8 14. a3 Nc2 15. b4 Qa6 16. Nb1 Nd7 17. Nd4 Nxd4 18. Bxd4 Bf6 19. Bxf6 Nxf6 20. Qd2 Qc6 21. Rd1 h6 22. Kf1 Kf8 23. Ke1 Ng4 24. h3 Nf6 25.
Qb2 Qc2 26. Qxc2 Rxc2 27. Rd2 Rc7 28. Kd1 e5 29. Rc2 Rxc2 30. Kxc2 Ke7 31. Nc3 Be6 32. Nb5 a6 33. Nc3 Kd6 34. Na4 Nd7 35. e3 b6 36. h4 a5 37. bxa5 bxa5 38. Kc3 f6 39. d4 Bf7 40. Bf1 exd4+ 41. Kxd4 Ne5 42. Bg2 Nc6+ 43.
Kc3 Ke5 44. Nc5 Kd6 45. Nb7+ Kc7 46. Nc5 Kd6 47. Nb3 g5 48. hxg5 fxg5 49. Nd4 Nxd4 50. Kxd4 h5 51. Bf3 h4 52. gxh4 gxh4 53. Bg4 Be6 54.
Bf3 h3 55. Bh1 h2 56. Bf3 Bf7 57.
Bh1 Be6 58. Bf3 Bf7 59. Bh1 Be6 1/2-1/2

[Event "*** SCC Grand Prix: Titled Tuesday Blitz"]
[Site "Chess.com"]
[Date "2020.07.21"]
[Round "9"]
[White "dosto07"]
[Black "dpopadic"]
[Result "1-0"]
[WhiteElo "2240"]
[BlackElo "2351"]
[TimeControl "180+1"]
[EndTime "11:49:11 PDT"]
[Termination "dosto07 won by resignation"]

1. d4 Nf6 2. Nf3 g6 3. Bf4 Bg7 4. e3 d6 5. h3 O-O 6. Be2 c5 7. c3 Nc6 8. Nbd2 Bf5 9. O-O Ne4 10. Bh2 Nxd2 11. Qxd2 a6 12. Rfe1 Rc8 13. Bf1 b5 14. e4 Bd7 15. a4 cxd4 16. cxd4 Qb6 17. axb5 axb5 18. d5 Nb8 19. e5 Bf5 20. Bf4 Rc2 21. Qd4 Qxd4 22. Nxd4 Rxb2 23. Nxf5 gxf5 24. exd6 exd6 25.
Bxd6 Rd8 26. Bc7 Rc8 27. d6 Bd4 28. Red1 Bxf2+ 29. Kh1 Nd7 30. Bd3 Nf8 31. Bxf5 Re8 32. d7 Nxd7 33. Bxd7 Ree2 34. Bc6 b4 35. Bf3 Re8 36.
Rab1 Rxb1 37. Rxb1 Bc5 38. Ba5 Rb8 39. Bd5 Kf8 40. Bc7 Rc8 41. Be5 Ke7 42. Re1 Kd7 43.
Bxf7 Rf8 44. Bd5 Rf2 45. Rd1 Ke7 46. Bg3 Rf5 47. Bh4+ Kf8 48. Bb3 Re5 49. Bg3 Re3 50. Rf1+ Ke8 51. Rf3 Re1+ 52. Bxe1 1-0

[Event "*** SCC Grand Prix: Titled Tuesday Blitz"]
[Site "Chess.com"]
[Date "2020.07.21"]
[Round "9"]
[White "DaggiGretarsson"]
[Black "ajian"]
[Result "1-0"]
[WhiteElo "2623"]
[BlackElo "2435"]
[TimeControl "180+1"]
[EndTime "11:49:12 PDT"]
[Termination "DaggiGretarsson won by resignation"]

1. d4 Nf6 2. c4 c6 3. Nc3 d5 4. e3 g6 5. Nf3 Bg7 6. Be2 O-O 7. O-O Bg4 8. Qb3 Qb6 9. h3 Bxf3 10. Bxf3 dxc4 11. Qxc4 Nbd7 12. Rd1 e5 13. Na4 Qa5 14. Bd2 Qc7 15. Nc3 exd4 16. Qxd4 Rfe8 17. Qh4 Ne5 18. Be2 Rad8 19. Be1 Qb6 20. Na4 Qc7 21. Rac1 h6 22. Qb4 b6 23. Nc3 a5 24. Qb3 Ned7 25.
Qc2 Nc5 26. Bf3 Rxd1 27. Rxd1 Re7 28. b3 Rd7 29. a3 Rxd1 30. Nxd1 Nd5 31. b4 axb4 32.
axb4 Nxb4 33. Bxb4 Qd6 34. Nb2 Qe5 35. Bxc5 bxc5 36.
Nc4 Qa1+ 37. Kh2 Kh7 38. Bxc6 Qa6 39. Bd5 Qb5 40. g3 Qb8 41. Kg2 Qf8 42. Qe4 f5 43. Qe6 Qd8 44. h4 h5 45. Nb6 Kh6 46. Nd7 Qc7 47.
Nb6 Qd8 48. Nc4 Qc7 49. Nd2 Qa5 50. Nf3 Qc7 51. Ng5 c4 52. Bxc4 Qb7+ 53. Bd5 Qc7 54. Nh3 Kh7 55. Nf4 1-0

[Event "*** SCC Grand Prix: Titled Tuesday Blitz"]
[Site "Chess.com"]
[Date "2020.07.21"]
[Round "9"]
[White "Joseacorrea"]
[Black "Ashedu66"]
[Result "1-0"]
[WhiteElo "2012"]
[BlackElo "2224"]
[TimeControl "180+1"]
[EndTime "11:49:12 PDT"]
[Termination "Joseacorrea won on time"]

1. c4 c5 2. Nc3 g6 3. Nf3 Bg7 4. g3 d6 5. Bg2 e5 6. d3 Nc6 7. O-O Nge7 8. Bg5 f6 9. Bd2 O-O 10. Qc1 a6 11. Bh6 Rb8 12. Bxg7 Kxg7 13. b3 b5 14. Qd2 Be6 15. Rab1 Qd7 16. Rfd1 h6 17. e3 b4 18. Ne2 Bg4 19. d4 cxd4 20. exd4 e4 21. Ne1 f5 22. h3 Bxe2 23. Qxe2 Ng8 24. Qb2 Kh7 25. Qd2 Nf6 26. Nc2 Rfe8 27. Ne3 a5 28.
Re1 Qa7 29. Rbd1 a4 30. Kh2 Qa5 31. Ra1 Ra8 32. Qb2 Kg7 33. f4 Ra7 34. d5 Ne7 35. g4 Rf8 36. g5 hxg5 37. fxg5 axb3 38. gxf6+ Rxf6 39. axb3 Qb6 40. Rxa7 Qxa7 41. Rf1 Kf7 42. Ng4 Ng8 43. Nxf6 Nxf6 44. Qf2 Qa3 45. Qf4 Qxb3 46.
Qxd6 1-0

[Event "*** SCC Grand Prix: Titled Tuesday Blitz"]
[Site "Chess.com"]
[Date "2020.07.21"]
[Round "9"]
[White "Jospem"]
[Black "IMHansNiemann"]
[Result "1-0"]
[WhiteElo "2867"]
[BlackElo "2955"]
[TimeControl "180+1"]
[EndTime "11:49:13 PDT"]
[Termination "Jospem won by resignation"]

1. e4 e6 2. d4 d5 3. Nc3 Nf6 4.
e5 Nfd7 5. f4 c5 6. Nf3 Nc6 7.
Be3 cxd4 8. Nxd4 Bc5 9. Qd2 O-O 10. O-O-O Bxd4 11. Bxd4 a6 12. Qe3 b5 13. Bd3 b4 14.
Na4 Nxd4 15. Qxd4 a5 16. Kb1 Bb7 17. Bb5 Rb8 18. g4 Ba8 19. Bxd7 Qxd7 20. Nc5 Qb5 21. b3 Rbc8 22. Na4 Rc6 23. f5 Rfc8 24. Rd2 h6 25. h4 Rc4 26. Qb6 Qe8 27. bxc4 dxc4 28. Rhd1 Bd5 29. fxe6 fxe6 30. Rxd5 exd5 31. Rxd5 Rb8 32.
Qd6 b3 33. Nb6 Kh7 34. cxb3 cxb3 35. axb3 a4 36. h5 axb3 37. Kb2 Rb7 38. Qg6+ Qxg6 39.
hxg6+ Kxg6 40. Nd7 Kf7 41. Nc5 Rc7 42. Kxb3 Kg6 43. Kc4 Rc8 44. e6 Kf6 45. Rd7 g6 46.
Kd5 Kg5 47. e7 Re8 48. Ne4+ Kf4 49. Nf6 Ra8 50. Rd8 Ra5+ 51. Ke6 Ra6+ 52. Rd6 Ra8 53. Kf7 h5 54. gxh5 gxh5 55. Nxh5+ Ke5 56. Rd8 1-0

[Event "*** SCC Grand Prix: Titled Tuesday Blitz"]
[Site "Chess.com"]
[Date "2020.07.21"]
[Round "9"]
[White "VerdeNotte"]
[Black "Munkhzul_Turmunkh"]
[Result "1-0"]
[WhiteElo "2850"]
[BlackElo "2618"]
[TimeControl "180+1"]
[EndTime "11:49:14 PDT"]
[Termination "VerdeNotte won on time"]

1. e4 c5 2. Nc3 Nc6 3. Bb5 Nd4 4. Nf3 Nxb5 5. Nxb5 d6 6. d4 Nf6 7. e5 dxe5 8. dxe5 Qxd1+ 9. Kxd1 Nd5 10. c4 a6 11.
cxd5 axb5 12. Kc2 Bf5+ 13. Kc3 Be4 14. Rd1 Rd8 15. Be3 b6 16. e6 f6 17. Bf4 Rxd5 18. Bc7 g5 19. Bxb6 Bg7 20. Rxd5 Bxd5 21. Bxc5 Bxe6 22.
Re1 Kf7 23. Nd4 f5 24. Kb4 Bxd4 25. Bxd4 Rc8 26. Bc5 Rb8 27. b3 Rb7 28. Re5 h6 29.
g3 g4 30. Be3 Bd7 31. Bxh6 Kf6 32. Bf4 e6 33. Rc5 Ke7 34. Bg5+ Kd6 35. Bf4+ Ke7 36. Be5 Ra7 37. Rc2 Ra8 38. Bd4 Kd6 39. Rd2 Kc6 40.
Be5 Bc8 41. Rd6+ Kb7 42. a3 Ra6 43. Rd8 Rc6 44. Kxb5 Rc2 45. Rd6 Rxf2 46. Rb6+ Ka7 47.
Bd4 Bd7+ 48. Ka5 1-0